 Dungeon Crawl Stone Soup version 0.14-a0-519-g334afa2 (webtiles) character file.

1696 PolkaDot the Ruinous (level 8, -3/50 HPs)
             Began as a Vampire Wizard on Nov 2, 2013.
             Was a Believer of Jiyva.
             Slain by Pikel
             ... wielding a +2,+0 whip of electrocution
              (12 damage)
             ... on Level 6 of the Dungeon.
             The game lasted 00:27:35 (5084 turns).

PolkaDot the Ruinous (Vampire Wizard)               Turns: 5084, Time: 00:27:35

HP  -3/50        AC  5     Str  7      XL: 8   Next: 57%
MP   7/18        EV 12     Int 19 (21) God: Jiyva [**....]
Gold 142         SH  0     Dex  9 (12) Spells:  4 memorised,  4 levels left

Res.Fire  : . . .   See Invis. : +   o - +0 elf short sword (venom)
Res.Cold  : + . .   Warding    : .   d - +0 elf robe {rC+}
Life Prot.: . . .   Conserve   : .   (no shield)
Res.Poison: .       Res.Corr.  : .   n - +0 helmet
Res.Elec. : .       Clarity    : .   f - +0 elf cloak
Sust.Abil.: . .     Spirit.Shd : .   q - +0 pair of gauntlets
Res.Mut.  : .       Stasis     : .   (no boots)
Res.Rott. : .       Flight     : .   (no amulet)
Saprovore : . . .                    (no ring)
                                     (no ring)

@: regenerating quickly, very slightly contaminated, somewhat resistant to
hostile enchantments, stealthy
A: bottle blood, fangs 3, see invisible, unbreathing
a: Bottle Blood, Request Jelly, Jelly Paralyse, Renounce Religion


You were on level 6 of the Dungeon.
You worshipped Jiyva.
Jiyva was pleased with you.
You were full.

You visited 1 branch of the dungeon, and saw 6 of its levels.

You collected 178 gold pieces.
You spent 36 gold pieces at shops.

Inventory:

Hand weapons
 o - a +0,+0 elven short sword of venom (weapon)
Armour
 d - a +0 elven robe of cold resistance (worn)
 f - a +0 elven cloak (worn)
 n - a +0 helmet (worn)
 q - a +0 pair of gauntlets (worn)
Magical devices
 a - a wand of magic darts (0)
Scrolls
 b - 2 scrolls of enchant weapon II {unknown}
 e - 5 scrolls of remove curse {unknown}
 g - 3 scrolls of recharging {unknown}
 h - a scroll of curse armour {unknown}
 i - a scroll of random uselessness {unknown}
 k - a scroll of teleportation {unknown}
 l - 9 scrolls of identify {unknown}
 m - a scroll of curse jewellery {unknown}
 r - a scroll of blinking {unknown}
 v - a scroll of enchant armour {unknown}
 w - a scroll of noise {unknown}
Jewellery
 p - an uncursed amulet of rage {unknown}
Potions
 j - a potion of speed {unknown}
 s - a potion of might {unknown}
 t - 4 potions of curing
 u - a potion of blood
Books
 c - a book of Minor Magic

   Spells                             Type                      Level
   *Magic Dart                        Conjuration                  1
   *Blink                             Translocation                2
   Call Imp                           Summoning                    2
   Repel Missiles                     Charms/Air                   2
   Slow                               Hexes                        2
   *Conjure Flame                     Conjuration/Fire             3
   *Mephitic Cloud                    Conjuration/Poison/Air       3


   Skills:
 - Level 2.1 Dodging
 - Level 3.0 Stealth
 - Level 3.0 Spellcasting
 * Level 7.2 Conjurations
   Level 1.0 Summonings
 - Level 3.1 Translocations
 + Level 1.7 Fire Magic
 + Level 2.2 Air Magic


You had 4 spell levels left.
You knew the following spells:

 Your Spells              Type           Power        Failure   Level  Hunger
a - Magic Dart            Conj           ####         1%          1    None
d - Mephitic Cloud        Conj/Pois/Air  ##......     14%         3    ###....
q - Blink                 Tloc           N/A          10%         2    ##.....
s - Conjure Flame         Conj/Fire      ###.....     10%         3    ###....


Dungeon Overview and Level Annotations

Branches:
Dungeon (6/27)
 Temple: D:4-7          Orc: D:6-11

Altars:
Cheibriados
Jiyva

Shops:
D:4 [

Annotations:
D:6 Pikel


Innate Abilities, Weirdness & Mutations

Your natural rate of healing is unusually fast.
You can bottle blood from corpses.
You have razor-sharp teeth.*
You have supernaturally acute eyesight.
You can survive without breathing.*


Message History

Aiming: Mephitic Cloud
Press: ? - help, Shift-Dir - straight line, f/p - Pikel
Aim: Pikel, wielding a whip of electrocution and wearing a robe (almost dead, slightly transparent)
The beam explodes into a vile cloud!
The stinking cloud engulfs Pikel.
Pikel is almost dead.
The stinking cloud engulfs you!
The stinking cloud engulfs the slave.
The slave is almost dead.
The slave is engulfed in noxious fumes.
You kill the slave!
That felt strangely unrewarding.
You closely miss Pikel.
Pikel is almost dead.
Pikel is engulfed in noxious fumes.
Pikel appears confused.
Pikel hits the slave with a whip of electrocution!
The slave is engulfed in noxious fumes.
Pikel is engulfed in noxious fumes.
Pikel appears confused.
Pikel hits you with a whip of electrocution!
* * * LOW HITPOINT WARNING * * *
You are electrocuted!
You die...

#..#.....#...........
#..#.....#K...#####..
#..#.....#....# #..
#..#....<#....# #..
#..'.....#.@..# #.#
#..#.....#@@..# #.#
#..#.....#....#####.#
#..#####.#..........##
#....@K@..............
#....########.........
#....# #.........
#....# #.........
#....# #.........
#....# #...######
#....# #...#.....
#....########...#.....
#...............####'#


You could see Pikel (confused) and a slave.

Vanquished Creatures
  The ghost of dertyp the Cudgeler, an experienced HOFi (D:3)
  Grinder (D:5)
  An ice beast (D:5)
  A phantom (D:4)
  An ogre (D:6)
  2 slaves (D:6)
  Sigmund (D:3)
  Duvessa (D:6)
  Dowan (D:6)
  A crimson imp (D:6)
  A goliath beetle (D:6)
  Crazy Yiuf (D:6)
  2 hounds
  An orc priest (D:5)
  2 orc wizards (D:5)
  3 scorpions
  3 gnolls (D:4)
  8 adders
  A giant mite (D:4)
  An inept feature mimic (D:4)
  An adder zombie (D:5)
  An adder skeleton (D:5)
  6 giant geckos
  5 oozes
  4 orcs
  A bat skeleton (D:4)
  6 giant cockroaches
  9 goblins
  11 hobgoblins
  7 jackals
  2 ball pythons
  16 bats
  3 giant newts
  A hobgoblin skeleton (D:4)
  11 kobolds
  An orc zombie (D:5)
  A quokka (D:3)
  A quokka zombie (D:5)
  16 rats
  2 fungi (D:6)
139 creatures vanquished.

Vanquished Creatures (others)
  A jelly (D:6)
  A scorpion (D:6)
  A hound zombie (D:6)
  A giant cockroach (D:6)
  A jackal (D:6)
  A quokka (D:5)
  A goblin (D:5)
  3 kobolds
  A rat (D:4)
11 creatures vanquished.

Grand Total: 150 creatures vanquished

Notes
Turn   | Place    | Note
--------------------------------------------------------------
     0 | D:1      | PolkaDot, the Vampire Wizard, began the quest for the Orb.
     0 | D:1      | Reached XP level 1. HP: 11/11 MP: 6/6
   105 | D:1      | Reached skill level 1 in Conjurations
   253 | D:1      | Reached XP level 2. HP: 17/17 MP: 0/8
   990 | D:2      | Reached XP level 3. HP: 22/22 MP: 2/10
  2057 | D:3      | Noticed dertyp's ghost (experienced HOFi)
  2077 | D:3      | Learned a level 3 spell: Conjure Flame
  2081 | D:3      | Learned a level 3 spell: Mephitic Cloud
  2147 | D:2      | Reached XP level 4. HP: 20/26 MP: 12/12
  2368 | D:3      | Noticed Sigmund
  2394 | D:3      | Killed Sigmund
  2394 | D:3      | Reached XP level 5. HP: 28/31 MP: 10/13
  2941 | D:3      | Killed dertyp's ghost
  2941 | D:3      | Reached skill level 5 in Conjurations
  2941 | D:3      | Reached XP level 6. HP: 39/39 MP: 12/15
  3183 | D:4      | Found Pnatwaung's Antique Armour Shoppe.
  3188 | D:4      | Reached XP level 7. HP: 36/44 MP: 17/17
  3197 | D:4      | Bought a pair of gauntlets for 36 gold pieces
  3437 | D:4      | Found a viscous altar of Jiyva.
  3554 | D:4      | Reached skill level 6 in Conjurations
  3708 | D:4      | Became a worshipper of Jiyva Juyto the Shapeless
  3959 | D:4      | Acquired Jiyva's first power
  4024 | D:4      | Learned a level 2 spell: Blink
  4028 | D:5      | Entered Level 5 of the Dungeon
  4035 | D:5      | Noticed Grinder
  4048 | D:5      | Killed Grinder
  4206 | D:5      | Acquired Jiyva's second power
  4221 | D:5      | Reached XP level 8. HP: 50/50 MP: 6/18
  4536 | D:6      | Reached skill level 1 in Fire Magic
  4536 | D:6      | Reached skill level 1 in Air Magic
  4617 | D:6      | Reached skill level 7 in Conjurations
  4643 | D:6      | Found a snail-covered altar of Cheibriados.
  4821 | D:6      | Noticed Crazy Yiuf
  4826 | D:6      | HP: 1/50 [Crazy Yiuf/quarterstaff of chaos (17)]
  4834 | D:6      | Killed Crazy Yiuf
  4864 | D:6      | Noticed Dowan
  4866 | D:6      | Noticed Duvessa
  4903 | D:6      | Killed Duvessa
  4927 | D:6      | Killed Dowan
  5053 | D:6      | Noticed Pikel
  5084 | D:6      | Slain by Pikel

Action                   |  1- 3 |  4- 6 |  7- 9 || total
-------------------------+-------+-------+-------++-------
Melee: Unarmed           |     7 |       |       ||     7
       Short sword       |    66 |   150 |   254 ||   470
       Dagger            |    17 |       |       ||    17
 Cast: Magic Dart        |    66 |     2 |    66 ||   134
       Mephitic Cloud    |       |     1 |     7 ||     8
       Conjure Flame     |       |     1 |     8 ||     9
 Abil: Bottle Blood      |       |       |     1 ||     1
  Use: Potion            |     3 |     2 |     2 ||     7
 Stab: Sleeping          |     3 |     3 |     3 ||     9
       Distracted        |     1 |       |       ||     1
       Confused          |       |       |     2 ||     2
